Workbook

Sheet modelo (2)
A1: periodos | G1: ejecución | J1: Reajustes | L1: Total obra acumulada | M1: Saldo por Pagar de Obra | N1: ABONO A OBRA | O1: Abono a Obra acumulado | P1: Total reajustes acumulado | Q1: Saldo por pagar de reajustes | R1: ABONO A REAJUSTES | S1: Abono a reajustes acumulado | T1: Impuestos | U1: Calculo de Intereses (descontar el valor de los impuestos el 8% del valor de la obra ejcutada en el trimestre) | V1: Total Pago a Contratista de obra | X1: reajustes | AD1: Interventoria
A2: año | C2: trimestre | D2: mes | J2: Ind. Icoviv | X2: año | Y2: 0.0224 | AD2: Etapa I | AF2: Etapa II | AH2: TOTAL PAGO INTERVENTORIA
A3: 1 | B3: 2 | C3: 3 | D3: 4 | E3: 5 | G3: 6 | H3: 7 | I3: 8 | J3: 9 | K3: 10 | Y3: 0.0432 | Z3: 1543586.9
F4: =+#REF!-SUM(#REF!) -> #REF! | G4: % | H4: mes | I4: trimestre | J4: Io | K4: =+'Tabla de reajustes'!Z3 -> 117.05 | T4: trimestrales | Y4: 0.09 | Z4: 6261549
F5: =+#REF!+F4 -> #REF!
J6: If | K6: trimestre | AD6: mes | AE6: Reajuste (IPCC) | AF6: mes | AG6: Reajuste (IPCC)
L7: 11 | M7: 12 | N7: 13 | O7: 14 | P7: 15 | Q7: 16 | R7: 17 | S7: 18 | T7: 19 | U7: 20 | V7: 21
A8: 0 | B8: 2022 | C8: 0 | D8: 0 | E8: 44896
A9: 1 | B9: 2023 | C9: 2 | D9: 0 | E9: 45017 | X9: =+SUM(R10:R21) -> 0 | Z9: =+SUM(U9:U20) -> 0 | AA9: =+SUM(V10:V21) -> 0 | AI9: =+SUM(AD9:AD20)+SUM(AF9:AF20) -> 457274.37 | AJ9: =+SUM(AE9:AE20)+SUM(AG9:AG20) -> #REF!
D10: 0 | E10: 45047
D11: 0 | E11: 45078 | AH11: =SUM(AD9:AG11) -> 0
C12: =1+C9 -> 3 | D12: 1 | E12: 45108 | W12: =+V12-#REF! -> #REF! | AB12: =+#REF!-V12 -> #REF! | AD12: =+F83/36 -> 50808.263
D13: =1+D12 -> 2 | E13: 45139 | AD13: =+AD12 -> 50808.263
D14: =1+D13 -> 3 | E14: 45170 | AD14: =+AD13 -> 50808.263 | AH14: =SUM(AD12:AG14) -> 152424.79
C15: =1+C12 -> 4 | D15: =1+D14 -> 4 | E15: 45200 | W15: =+V15-#REF! -> #REF! | AB15: =+#REF!-V15 -> #REF! | AD15: =+AD14 -> 50808.263
D16: =1+D15 -> 5 | E16: 45231 | AD16: =+AD15 -> 50808.263
D17: =1+D16 -> 6 | E17: 45261 | AD17: =+AD16 -> 50808.263 | AH17: =SUM(AD15:AG17) -> 152424.79
A18: =1+A9 -> 2 | B18: =1+B9 -> 2024 | C18: 1 | D18: =1+D17 -> 7 | E18: 45292 | W18: =+V18-#REF! -> #REF! | AB18: =+#REF!-V18 -> #REF! | AD18: =+AD17 -> 50808.263 | AE18: =+#REF!/12000 -> #REF!
D19: =1+D18 -> 8 | E19: 45323 | AD19: =+AD18 -> 50808.263 | AE19: =+AE18 -> #REF!
D20: =1+D19 -> 9 | E20: 45352 | AD20: =+AD19 -> 50808.263 | AE20: =+AE19 -> #REF! | AH20: =SUM(AD18:AG20) -> #REF!
C21: =1+C18 -> 2 | D21: =1+D20 -> 10 | E21: 45383 | W21: =+V21-#REF! -> #REF! | X21: =+SUM(R22:R33) -> 0 | Z21: =+SUM(U21:U32) -> 0 | AA21: =+SUM(V22:V33) -> 0 | AB21: =+#REF!-V21 -> #REF! | AD21: =+AD20 -> 50808.263 | AE21: =+AE20 -> #REF! | AI21: =+SUM(AD21:AD32)+SUM(AF21:AF32) -> 609699.15 | AJ21: =+SUM(AE21:AE32)+SUM(AG21:AG32) -> #REF!
D22: =1+D21 -> 11 | E22: 45413 | AD22: =+AD21 -> 50808.263 | AE22: =+AE21 -> #REF!
D23: =1+D22 -> 12 | E23: 45444 | AC23: 0.25 | AD23: =+AD22 -> 50808.263 | AE23: =+AE22 -> #REF! | AH23: =SUM(AD21:AG23) -> #REF!
C24: =1+C21 -> 3 | D24: =1+D23 -> 13 | E24: 45474 | W24: =+V24-#REF! -> #REF! | AB24: =+#REF!-V24 -> #REF! | AD24: =+AD23 -> 50808.263 | AE24: =+AE23 -> #REF!
D25: =1+D24 -> 14 | E25: 45505 | AD25: =+AD24 -> 50808.263 | AE25: =+AE24 -> #REF!
D26: =1+D25 -> 15 | E26: 45536 | AD26: =+AD25 -> 50808.263 | AE26: =+AE25 -> #REF! | AH26: =SUM(AD24:AG26) -> #REF!
C27: =1+C24 -> 4 | D27: =1+D26 -> 16 | E27: 45566 | W27: =+V27-#REF! -> #REF! | AB27: =+#REF!-V27 -> #REF! | AD27: =+AD26 -> 50808.263 | AE27: =+AE26 -> #REF!
D28: =1+D27 -> 17 | E28: 45597 | AD28: =+AD27 -> 50808.263 | AE28: =+AE27 -> #REF!
D29: =1+D28 -> 18 | E29: 45627 | AD29: =+AD28 -> 50808.263 | AE29: =+AE28 -> #REF! | AH29: =SUM(AD27:AG29) -> #REF!
A30: =1+A18 -> 3 | B30: =1+B18 -> 2025 | C30: 1 | D30: =1+D29 -> 19 | E30: 45658 | W30: =+V30-#REF! -> #REF! | AB30: =+#REF!-V30 -> #REF! | AD30: =+AD29 -> 50808.263 | AE30: =+#REF!/12000 -> #REF!
D31: =1+D30 -> 20 | E31: 45689 | AD31: =+AD30 -> 50808.263 | AE31: =+AE30 -> #REF!
D32: =1+D31 -> 21 | E32: 45717 | AD32: =+AD31 -> 50808.263 | AE32: =+AE31 -> #REF! | AH32: =SUM(AD30:AG32) -> #REF!
C33: =1+C30 -> 2 | D33: =1+D32 -> 22 | E33: 45748 | W33: =+V33-#REF! -> #REF! | X33: =+SUM(R34:R45) -> 0 | Z33: =+SUM(U33:U44) -> 0 | AA33: =+SUM(V34:V45) -> 0 | AB33: =+#REF!-V33 -> #REF! | AD33: =+AD32 -> 50808.263 | AE33: =+#REF!/12000 -> #REF! | AI33: =+SUM(AD33:AD44)+SUM(AF33:AF44) -> 609699.15 | AJ33: =+SUM(AE33:AE44)+SUM(AG33:AG44) -> #REF!
D34: =1+D33 -> 23 | E34: 45778 | AD34: =+AD33 -> 50808.263 | AE34: =+AE33 -> #REF!
D35: =1+D34 -> 24 | E35: 45809 | AC35: 0.5 | AD35: =+AD34 -> 50808.263 | AE35: =+AE34 -> #REF! | AH35: =SUM(AD33:AG35) -> #REF!
C36: =1+C33 -> 3 | D36: =1+D35 -> 25 | E36: 45839 | W36: =+V36-#REF! -> #REF! | AB36: =+#REF!-V36 -> #REF! | AD36: =+AD35 -> 50808.263 | AE36: =+AE35 -> #REF!
D37: =1+D36 -> 26 | E37: 45870 | AD37: =+AD36 -> 50808.263 | AE37: =+AE36 -> #REF!
D38: =1+D37 -> 27 | E38: 45901 | AD38: =+AD37 -> 50808.263 | AE38: =+AE37 -> #REF! | AH38: =SUM(AD36:AG38) -> #REF!
C39: =1+C36 -> 4 | D39: =1+D38 -> 28 | E39: 45931 | W39: =+V39-#REF! -> #REF! | AB39: =+#REF!-V39 -> #REF! | AD39: =+AD38 -> 50808.263 | AE39: =+AE38 -> #REF!
D40: =1+D39 -> 29 | E40: 45962 | AD40: =+AD39 -> 50808.263 | AE40: =+AE39 -> #REF!
D41: =1+D40 -> 30 | E41: 45992 | AD41: =+AD40 -> 50808.263 | AE41: =+AE40 -> #REF! | AH41: =SUM(AD39:AG41) -> #REF!
A42: =1+A30 -> 4 | B42: =1+B30 -> 2026 | C42: 1 | D42: =1+D41 -> 31 | E42: 46023 | W42: =+V42-#REF! -> #REF! | AB42: =+#REF!-V42 -> #REF! | AD42: =+AD41 -> 50808.263 | AE42: =+AE41*(AE30-AE29)/AE29+AE41 -> #REF!
D43: =1+D42 -> 32 | E43: 46054 | AD43: =+AD42 -> 50808.263 | AE43: =+AE42 -> #REF!
D44: =1+D43 -> 33 | E44: 46082 | AD44: =+AD43 -> 50808.263 | AE44: =+AE43 -> #REF! | AH44: =SUM(AD42:AG44) -> #REF!
C45: =1+C42 -> 2 | D45: =1+D44 -> 34 | E45: 46113 | W45: =+V45-#REF! -> #REF! | X45: =+SUM(R46:R57) -> 0 | Z45: =+SUM(U45:U56) -> 0 | AA45: =+SUM(V46:V57) -> 0 | AB45: =+#REF!-V45 -> #REF! | AD45: =+AD44 -> 50808.263 | AE45: =+AE44 -> #REF! | AI45: =+SUM(AD45:AD56)+SUM(AF45:AF56) -> 390282.58 | AJ45: =+SUM(AE45:AE56)+SUM(AG45:AG56) -> #REF!
D46: =1+D45 -> 35 | E46: 46143 | AD46: =+AD45 -> 50808.263 | AE46: =+AE45 -> #REF!
D47: =1+D46 -> 36 | E47: 46174 | AC47: 0.75 | AD47: =+AD46 -> 50808.263 | AE47: =+AE46 -> #REF! | AH47: =SUM(AD45:AG47) -> #REF!
C48: =1+C45 -> 3 | D48: =1+D47 -> 37 | E48: 46204 | W48: =+V48-#REF! -> #REF! | AB48: =+#REF!-V48 -> #REF! | AF48: =+F84/24 -> 26428.643 | AG48: =+#REF!/12000 -> #REF!
D49: =1+D48 -> 38 | E49: 46235 | AF49: =+AF48 -> 26428.643 | AG49: =+AG48 -> #REF!
D50: =1+D49 -> 39 | E50: 46266 | AF50: =+AF49 -> 26428.643 | AG50: =+AG49 -> #REF! | AH50: =SUM(AD48:AG50) -> #REF!
C51: =1+C48 -> 4 | D51: =1+D50 -> 40 | E51: 46296 | W51: =+V51-#REF! -> #REF! | AB51: =+#REF!-V51 -> #REF! | AF51: =+AF50 -> 26428.643 | AG51: =+AG50 -> #REF!
D52: =1+D51 -> 41 | E52: 46327 | AF52: =+AF51 -> 26428.643 | AG52: =+AG51 -> #REF!
D53: =1+D52 -> 42 | E53: 46357 | AF53: =+AF52 -> 26428.643 | AG53: =+AG52 -> #REF! | AH53: =SUM(AD51:AG53) -> #REF!
A54: =1+A42 -> 5 | B54: =1+B42 -> 2027 | C54: 1 | D54: =1+D53 -> 43 | E54: 46388 | W54: =+V54-#REF! -> #REF! | AB54: =+#REF!-V54 -> #REF! | AF54: =+AF53 -> 26428.643 | AG54: =+AG53 -> #REF!
D55: =1+D54 -> 44 | E55: 46419 | AF55: =+AF54 -> 26428.643 | AG55: =+AG54 -> #REF!
D56: =1+D55 -> 45 | E56: 46447 | AF56: =+AF55 -> 26428.643 | AG56: =+AG55 -> #REF! | AH56: =SUM(AD54:AG56) -> #REF!
C57: =1+C54 -> 2 | D57: =1+D56 -> 46 | E57: 46478 | W57: =+V57-#REF! -> #REF! | X57: =+SUM(R58:R69) -> 0 | Z57: =+SUM(U57:U68) -> 0 | AA57: =+SUM(V58:V69) -> 0 | AB57: =+#REF!-V57 -> #REF! | AF57: =+AF56 -> 26428.643 | AG57: =+#REF!/12000 -> #REF! | AI57: =+SUM(AD57:AD68)+SUM(AF57:AF68) -> 317143.72 | AJ57: =+SUM(AE57:AE68)+SUM(AG57:AG68) -> #REF!
D58: =1+D57 -> 47 | E58: 46508 | AF58: =+AF57 -> 26428.643 | AG58: =+AG57 -> #REF!
D59: =1+D58 -> 48 | E59: 46539 | AF59: =+AF58 -> 26428.643 | AG59: =+AG58 -> #REF! | AH59: =SUM(AD57:AG59) -> #REF!
C60: =1+C57 -> 3 | D60: =1+D59 -> 49 | E60: 46569 | W60: =+V60-#REF! -> #REF! | AB60: =+#REF!-V60 -> #REF! | AF60: =+AF59 -> 26428.643 | AG60: =+AG59 -> #REF!
D61: =1+D60 -> 50 | E61: 46600 | AF61: =+AF60 -> 26428.643 | AG61: =+AG60 -> #REF!
D62: =1+D61 -> 51 | E62: 46631 | AF62: =+AF61 -> 26428.643 | AG62: =+AG61 -> #REF! | AH62: =SUM(AD60:AG62) -> #REF!
C63: =1+C60 -> 4 | D63: =1+D62 -> 52 | E63: 46661 | W63: =+V63-#REF! -> #REF! | AB63: =+#REF!-V63 -> #REF! | AF63: =+AF62 -> 26428.643 | AG63: =+AG62 -> #REF!
D64: =1+D63 -> 53 | E64: 46692 | AF64: =+AF63 -> 26428.643 | AG64: =+AG63 -> #REF!
D65: =1+D64 -> 54 | E65: 46722 | AF65: =+AF64 -> 26428.643 | AG65: =+AG64 -> #REF! | AH65: =SUM(AD63:AG65) -> #REF!
A66: =1+A54 -> 6 | B66: =1+B54 -> 2028 | C66: 1 | D66: =1+D65 -> 55 | E66: 46753 | W66: =+V66-#REF! -> #REF! | AB66: =+#REF!-V66 -> #REF! | AF66: =+AF65 -> 26428.643 | AG66: =+AG65 -> #REF!
D67: =1+D66 -> 56 | E67: 46784 | AF67: =+AF66 -> 26428.643 | AG67: =+AG66 -> #REF!
D68: =1+D67 -> 57 | E68: 46813 | AF68: =+AF67 -> 26428.643 | AG68: =+AG67 -> #REF! | AH68: =SUM(AD66:AG68) -> #REF!
C69: =1+C66 -> 2 | D69: =1+D68 -> 58 | E69: 46844 | W69: =+V69-#REF! -> #REF! | X69: =+SUM(R70:R80) -> 0 | Z69: =+SUM(U69:U80) -> 0 | AA69: =+SUM(V70:V80) -> 0 | AB69: =+#REF!-V69 -> #REF! | AF69: =+AF68 -> 26428.643 | AG69: =+#REF!/12000 -> #REF! | AI69: =+SUM(AD69:AD80)+SUM(AF69:AF80) -> 79285.929 | AJ69: =+SUM(AE69:AE80)+SUM(AG69:AG80) -> #REF!
D70: =1+D69 -> 59 | E70: 46874 | AF70: =+AF69 -> 26428.643 | AG70: =+AG69 -> #REF!
D71: =1+D70 -> 60 | E71: 46905 | AF71: =+AF70 -> 26428.643 | AG71: =+AG70 -> #REF! | AH71: =SUM(AD69:AG71) -> #REF!
C72: =1+C69 -> 3 | D72: =1+D71 -> 61 | E72: 46935 | W72: =+V72-#REF! -> #REF! | AB72: =+#REF!-V72 -> #REF!
D73: =1+D72 -> 62 | E73: 46966
D74: =1+D73 -> 63 | E74: 46997 | AH74: =SUM(AD72:AG74) -> 0
C75: =1+C72 -> 4 | D75: =1+D74 -> 64 | E75: 47027 | W75: =+V75-#REF! -> #REF! | AB75: =+#REF!-V75 -> #REF!
D76: =1+D75 -> 65 | E76: 47058
D77: =1+D76 -> 66 | E77: 47088
A78: =1+A66 -> 7 | B78: =1+B66 -> 2029 | C78: 1 | D78: =1+D77 -> 67 | E78: 47119 | W78: =+V78-#REF! -> #REF! | AB78: =+#REF!-V78 -> #REF!
D79: =1+D78 -> 68 | E79: 47150
D80: =1+D79 -> 69 | E80: 47178
X81: =SUM(X8:X80) -> 0 | Z81: =SUM(Z8:Z80) -> 0 | AA81: =SUM(AA8:AA80) -> 0 | AD81: =SUM(AD8:AD80) -> 1829097.5 | AE81: =SUM(AE8:AE80) -> #REF! | AF81: =SUM(AF8:AF80) -> 634287.43 | AG81: =SUM(AG8:AG80) -> #REF! | AH81: =SUM(AH8:AH80) -> #REF! | AI81: =SUM(AI8:AI80) -> 2463384.9 | AJ81: =SUM(AJ8:AJ80) -> #REF!
H82: =+#REF! -> #REF! | L82: =+I82 -> 0 | N82: =+L82 -> 0 | P82: =+K81+#REF! -> #REF! | U82: vigencias | V82: =+#REF! -> #REF! | W82: =+SUM(W8:W81) -> #REF! | AD82: =+F83 -> 1829097.5 | AF82: =+F84 -> 634287.43 | AH82: =+#REF! -> #REF!
F83: 1829097.5 | G83: =+#REF!+F83 -> #REF! | H83: =+H81-H82 -> #REF! | L83: =+L80-L82 -> 0 | N83: =+N81-N82 -> 0 | S83: 1 | T83: obra | V83: =+H81 -> 0 | W83: =+V81-V82 -> #REF!
F84: 634287.43 | G84: =+#REF!+F84 -> #REF! | S84: 2 | T84: reajustes | V84: =+K81 -> 0 | AG84: =2519000*1.004 -> 2529076
F85: =SUM(F83:F84) -> 2463384.9 | G85: =+#REF!+F85 -> #REF! | L85: cupo de credito | M85: =+MAX(M8:M80) -> 0 | N85: 0.1 | S85: 3 | T85: costo financiero | V85: =+U81 -> 0
F86: =+#REF!+F85 -> #REF! | M86: =+M85/1.5 -> 0 | S86: 4 = 1 + 2 + 3 | T86: total | V86: =SUM(V83:V85) -> 0 | Y86: especial | Z86: 0.05
F87: =+AE81+AG81 -> #REF! | G87: =+#REF!+F87 -> #REF!
F89: =+F85+F87+F88 -> #REF! | G89: =+#REF!+F89 -> #REF! | S89: 5 | T89: interventoria | V89: =+AD81+AF81 -> 2463384.9 | Y89: pro universidad | Z89: 0.02 | AG89: =+AF81+AD81 -> 2463384.9
G90: =+H101 -> 15125747
G91: =+G89-G90 -> #REF!
F92: =IF(G91<0,"CUMPLE VIGENCIAS","NO CUMPLE VIGENCIAS") -> #REF!
F95: =1+#REF! -> #REF! | G95: =1+F95 -> #REF! | H95: TOTAL | S95: 6 | T95: reajustes inter | V95: =+AE81+AG81 -> #REF! | Y95: ica | Z95: 0.01
F96: =+SUM(#REF!) -> #REF! | G96: =+SUM(#REF!) -> #REF! | H96: =SUM(F96:G96) -> #REF! | S96: 7 = 5 + 6 | T96: total | V96: =+V89+V95 -> #REF! | Y96: total | Z96: =SUM(Z86:Z95) -> 0.08
F97: =+SUM(#REF!) -> #REF! | G97: =+SUM(#REF!) -> #REF! | H97: =SUM(F97:G97) -> #REF! | S97: 8 = 4 + 7 | T97: TOTAL | V97: =+V86+V96 -> #REF! | Y97: retefuente | Z97: 0.02
F98: =+SUM(#REF!) -> #REF! | G98: =+SUM(#REF!) -> #REF! | H98: =SUM(F98:G98) -> #REF! | S98: 9 | T98: TOTAL VIGENCIAS APROBADAS | V98: =+#REF! -> #REF! | W98: =+V97-V98+#REF! -> #REF!
F99: =SUM(F96:F98) -> #REF! | G99: =SUM(G96:G98) -> #REF! | H99: =SUM(H96:H98) -> #REF!
S100: 10 = 1 + 5 | T100: LO LLAMADO PROYECTO | V100: =+V89+V83 -> 2463384.9
F101: 8200000 | G101: 6925747 | H101: =SUM(F101:G101) -> 15125747
F102: =+F99-F101 -> #REF! | G102: =+G99-G101 -> #REF! | H102: =+H99-H101 -> #REF!

Sheet modelo
A1: periodos | F1: DISPONIBILIDAD PARA PROYECTO | L1: ejecución | O1: Reajustes | Q1: Total obra acumulada | R1: Saldo por Pagar de Obra | S1: ABONO A OBRA | T1: Abono a Obra acumulado | U1: Total reajustes acumulado | V1: Saldo por pagar de reajustes | W1: ABONO A REAJUSTES | X1: Abono a reajustes acumulado | Y1: Calculo de Intereses (descontar el valor de los impuestos el 8% del valor de la obra ejcutada en el trimestre) | Z1: Total Pago a Contratista de obra
A2: año | C2: trimestre | D2: mes | F2: Total | H2: Obra | I2: Interventoria | J2: Fiducia | O2: Ind. Icoviv
A3: 1 | B3: 2 | C3: 3 | D3: 4 | E3: 5 | L3: 6 | M3: 7 | N3: 8 | O3: 9 | P3: 10
F4: Año | G4: Trimestre | L4: % | M4: mes | N4: trimestre | O4: Io | P4: =+'Tabla de reajustes'!AD3 -> 117.79613 | Y4: 0.1274
Y5: 0.08
F6: 0.75 | O6: If | P6: trimestre | Y6: =+Y4+Y5 -> 0.2074
Q7: 11 | R7: 12 | S7: 13 | T7: 14 | U7: 15 | V7: 16 | W7: 17 | X7: 18 | Y7: 19 | Z7: 20
A8: 0 | B8: 2022 | C8: 0 | D8: 0 | E8: 44896
A9: 1 | B9: 2023 | C9: 2 | D9: 0 | E9: 45017 | F9: 1800000 | L9: 0 | M9: =+$I$91*L9 -> 0 | O9: =+'Tabla de reajustes'!AE3 -> 118.08963
D10: 0 | E10: 45047 | L10: 0 | M10: =+$I$91*L10 -> 0 | O10: =+ROUND(O9*(1+'Tabla de reajustes'!$D$8),2) -> 118.38
D11: 0 | E11: 45078 | L11: 0 | M11: =+$I$91*L11 -> 0 | N11: =SUM(M9:M11) -> 0 | O11: =+ROUND(O10*(1+'Tabla de reajustes'!$D$8),2) -> 118.67 | Q11: =Q8+N11 -> 0 | R11: =+Q11+R8-S9 -> 0 | U11: =+U8+P11 -> 0 | V11: =+U11+V8-W9 -> 0 | Y11: =+(R11)*$Y$6/4 -> 0
C12: =1+C9 -> 3 | D12: 1 | E12: 45108 | L12: 0.00025 | M12: =+$I$91*L12 -> 6532.4909 | O12: =+ROUND(O11*(1+'Tabla de reajustes'!$D$8),2) -> 118.97 | S12: =IF(R11>H11-W12-Y11,H11-W12-Y11,R11) -> 0 | T12: =+S12-T9 -> 0 | X12: =+W12-X9 -> 0 | Z12: =+S12+W12+Y11 -> 0
D13: =1+D12 -> 2 | E13: 45139 | L13: 0.00025 | M13: =+$I$91*L13 -> 6532.4909 | O13: =+ROUND(O12*(1+'Tabla de reajustes'!$D$8),2) -> 119.27
D14: =1+D13 -> 3 | E14: 45170 | G14: =SUM(H14:J14) -> 175656.39 | H14: =+Y14+R14 -> 20613.602 | I14: 152424.79 | J14: =2*1000*1.1*1.19 -> 2618 | L14: 0.00025 | M14: =+$I$91*L14 -> 6532.4909 | N14: =SUM(M12:M14) -> 19597.473 | O14: =+ROUND(O13*(1+'Tabla de reajustes'!$D$8),2) -> 119.57 | Q14: =Q11+N14 -> 19597.473 | R14: =+Q14-T12 -> 19597.473 | U14: =+U11+P14 -> 0 | V14: =+U14-X12 -> 0 | Y14: =+(R14)*$Y$6/4 -> 1016.129
C15: =1+C12 -> 4 | D15: =1+D14 -> 4 | E15: 45200 | L15: 0.00025 | M15: =+$I$91*L15 -> 6532.4909 | O15: =+ROUND(O14*(1+'Tabla de reajustes'!$D$8),2) -> 119.87 | S15: =IF(R14>H14-W15-Y14,H14-W15-Y14,R14) -> 19597.473 | T15: =+S15+T12 -> 19597.473 | X15: =+W15+X12 -> 0 | Z15: =+S15+W15+Y14 -> 20613.602
D16: =1+D15 -> 5 | E16: 45231 | L16: 0.0175 | M16: =+$I$91*L16 -> 457274.36 | O16: =+ROUND(O15*(1+'Tabla de reajustes'!$D$8),2) -> 120.17
D17: =1+D16 -> 6 | E17: 45261 | G17: =SUM(H17:J17) -> 1178462.5 | H17: =1800000-H11-H14-I11-I14-I17-J11-J14-J17-445881.07 -> 1023419.8 | I17: 152424.79 | J17: =+J14 -> 2618 | L17: 0.02 | M17: =+$I$91*L17 -> 522599.27 | N17: =SUM(M15:M17) -> 986406.13 | O17: =+ROUND(O16*(1+'Tabla de reajustes'!$D$8),2) -> 120.47 | Q17: =Q14+N17 -> 1006003.6 | R17: =+Q17-T15 -> 986406.13 | U17: =+U14+P17 -> 0 | V17: =+U17-X15 -> 0 | Y17: =+(R17)*$Y$6/4 -> 51145.158
A18: =1+A9 -> 2 | B18: =1+B9 -> 2024 | C18: 1 | D18: =1+D17 -> 7 | E18: 45292 | F18: =7700000*F6+1900000 -> 7675000 | L18: 0.0225 | M18: =+$I$91*L18 -> 587924.18 | O18: =+ROUND(O17*(1+'Tabla de reajustes'!$D$8),2) -> 120.77 | S18: =IF(R17>H17-W18-Y17,H17-W18-Y17,R17) -> 972274.59 | T18: =+S18+T15 -> 991872.07 | X18: =+W18+X15 -> 0 | Z18: =+S18+W18+Y17 -> 1023419.8
D19: =1+D18 -> 8 | E19: 45323 | L19: 0.025 | M19: =+$I$91*L19 -> 653249.09 | O19: =+ROUND(O18*(1+'Tabla de reajustes'!$D$8),2) -> 121.07
D20: =1+D19 -> 9 | E20: 45352 | G20: =+F18/4 -> 1918750 | H20: =+G20-I20-J20 -> 1748360.5 | I20: 167771.52 | J20: =+J17 -> 2618 | L20: 0.0275 | M20: =+$I$91*L20 -> 718574 | N20: =SUM(M18:M20) -> 1959747.3 | O20: =+ROUND(O19*(1+'Tabla de reajustes'!$D$8),2) -> 121.37 | P20: =+ROUND((N20)*(O20-$P$4)/$P$4,2) -> 59457.66 | Q20: =Q17+N20 -> 2965750.9 | R20: =+Q20-T18 -> 1973878.8 | U20: =+U17+P20 -> 59457.66 | V20: =+U20-X18 -> 59457.66 | Y20: =+(R20)*$Y$6/4 -> 102345.62
C21: =1+C18 -> 2 | D21: =1+D20 -> 10 | E21: 45383 | L21: 0.03 | M21: =+$I$91*L21 -> 783898.91 | O21: =+ROUND(O20*(1+'Tabla de reajustes'!$D$8),2) -> 121.67 | S21: =IF(R20>H20-W21-Y20,H20-W21-Y20,R20) -> 1646014.9 | T21: =+S21+T18 -> 2637886.9 | X21: =+W21+X18 -> 0 | Z21: =+S21+W21+Y20 -> 1748360.5
D22: =1+D21 -> 11 | E22: 45413 | L22: 0.0325 | M22: =+$I$91*L22 -> 849223.82 | O22: =+ROUND(O21*(1+'Tabla de reajustes'!$D$8),2) -> 121.97
D23: =1+D22 -> 12 | E23: 45444 | G23: =+SUM(H23:J23) -> 2364551.9 | H23: 2193900.5 | I23: 167771.52 | J23: =+J14*1.1 -> 2879.8 | L23: 0.035 | M23: =+$I$91*L23 -> 914548.73 | N23: =SUM(M21:M23) -> 2547671.5 | O23: =+ROUND(O22*(1+'Tabla de reajustes'!$D$8),2) -> 122.27 | P23: =+ROUND((N23)*(O23-$P$4)/$P$4,2) -> 96759.98 | Q23: =Q20+N23 -> 5513422.3 | R23: =+Q23-T21 -> 2875535.4 | U23: =+U20+P23 -> 156217.64 | V23: =+U23-X21 -> 156217.64 | Y23: =+(R23)*$Y$6/4 -> 149096.51
C24: =1+C21 -> 3 | D24: =1+D23 -> 13 | E24: 45474 | L24: 0.035 | M24: =+$I$91*L24 -> 914548.73 | O24: =+ROUND(O23*(1+'Tabla de reajustes'!$D$8),2) -> 122.57 | S24: =IF(R23>H23-W24-Y23,H23-W24-Y23,R23) -> 2044804 | T24: =+S24+T21 -> 4682691 | X24: =+W24+X21 -> 0 | Z24: =+S24+W24+Y23 -> 2193900.5
D25: =1+D24 -> 14 | E25: 45505 | L25: 0.035 | M25: =+$I$91*L25 -> 914548.73 | O25: =+ROUND(O24*(1+'Tabla de reajustes'!$D$8),2) -> 122.88
D26: =1+D25 -> 15 | E26: 45536 | G26: =+F18/4 -> 1918750 | H26: =+G26-I26-J26 -> 1748098.7 | I26: 167771.52 | J26: =+J23 -> 2879.8 | L26: 0.0375 | M26: =+$I$91*L26 -> 979873.64 | N26: =SUM(M24:M26) -> 2808971.1 | O26: =+ROUND(O25*(1+'Tabla de reajustes'!$D$8),2) -> 123.19 | P26: =+ROUND((N26)*(O26-$P$4)/$P$4,2) -> 128622.44 | Q26: =Q23+N26 -> 8322393.4 | R26: =+Q26-T24 -> 3639702.5 | U26: =+U23+P26 -> 284840.08 | V26: =+U26-X24 -> 284840.08 | Y26: =+(R26)*$Y$6/4 -> 188718.57
C27: =1+C24 -> 4 | D27: =1+D26 -> 16 | E27: 45566 | L27: 0.0375 | M27: =+$I$91*L27 -> 979873.64 | O27: =+ROUND(O26*(1+'Tabla de reajustes'!$D$8),2) -> 123.5 | S27: =IF(R26>H26-W27-Y26,H26-W27-Y26,R26) -> 1559380.1 | T27: =+S27+T24 -> 6242071.1 | X27: =+W27+X24 -> 0 | Z27: =+S27+W27+Y26 -> 1748098.7
D28: =1+D27 -> 17 | E28: 45597 | L28: 0.04 | M28: =+$I$91*L28 -> 1045198.5 | O28: =+ROUND(O27*(1+'Tabla de reajustes'!$D$8),2) -> 123.81
D29: =1+D28 -> 18 | E29: 45627 | G29: =+G26 -> 1918750 | H29: =+G29-I29-J29 -> 1748098.7 | I29: 167771.52 | J29: =+J26 -> 2879.8 | L29: 0.045 | M29: =+$I$91*L29 -> 1175848.4 | N29: =SUM(M27:M29) -> 3200920.6 | O29: =+ROUND(O28*(1+'Tabla de reajustes'!$D$8),2) -> 124.12 | P29: =+ROUND((N29)*(O29-$P$4)/$P$4,2) -> 171841.01 | Q29: =Q26+N29 -> 11523314 | R29: =+Q29-T27 -> 5281242.9 | U29: =+U26+P29 -> 456681.09 | V29: =+U29-X27 -> 456681.09 | Y29: =+(R29)*$Y$6/4 -> 273832.45
A30: =1+A18 -> 3 | B30: =1+B18 -> 2025 | C30: 1 | D30: =1+D29 -> 19 | E30: 45658 | F30: =7940000*F6+1750000 -> 7705000 | L30: 0.045 | M30: =+$I$91*L30 -> 1175848.4 | O30: =+ROUND(O29*(1+'Tabla de reajustes'!$D$8),2) -> 124.43 | S30: =IF(R29>H29-W30-Y29,H29-W30-Y29,R29) -> 1474266.2 | T30: =+S30+T27 -> 7716337.3 | X30: =+W30+X27 -> 0 | Z30: =+S30+W30+Y29 -> 1748098.7
D31: =1+D30 -> 20 | E31: 45689 | L31: 0.0475 | M31: =+$I$91*L31 -> 1241173.3 | O31: =+ROUND(O30*(1+'Tabla de reajustes'!$D$8),2) -> 124.74
D32: =1+D31 -> 21 | E32: 45717 | G32: =+F30/4 -> 1926250 | H32: =+G32-I32-J32 -> 1752508.3 | I32: 170861.86 | J32: =+J29 -> 2879.8 | L32: 0.045 | M32: =+$I$91*L32 -> 1175848.4 | N32: =SUM(M30:M32) -> 3592870 | O32: =+ROUND(O31*(1+'Tabla de reajustes'!$D$8),2) -> 125.05 | P32: =+ROUND((N32)*(O32-$P$4)/$P$4,2) -> 221248.47 | Q32: =Q29+N32 -> 15116184 | R32: =+Q32-T30 -> 7399846.7 | U32: =+U29+P32 -> 677929.56 | V32: =+U32-X30 -> 677929.56 | Y32: =+(R32)*$Y$6/4 -> 383682.05
C33: =1+C30 -> 2 | D33: =1+D32 -> 22 | E33: 45748 | L33: 0.0425 | M33: =+$I$91*L33 -> 1110523.5 | O33: =+ROUND(O32*(1+'Tabla de reajustes'!$D$8),2) -> 125.36 | S33: =IF(R32>H32-W33-Y32,H32-W33-Y32,R32) -> 1368826.3 | T33: =+S33+T30 -> 9085163.6 | X33: =+W33+X30 -> 0 | Z33: =+S33+W33+Y32 -> 1752508.3
D34: =1+D33 -> 23 | E34: 45778 | L34: 0.04 | M34: =+$I$91*L34 -> 1045198.5 | O34: =+ROUND(O33*(1+'Tabla de reajustes'!$D$8),2) -> 125.67
D35: =1+D34 -> 24 | E35: 45809 | G35: =+G32 -> 1926250 | H35: =+G35-I35-J35 -> 1752220.4 | I35: 170861.86 | J35: =+J26*1.1 -> 3167.78 | L35: 0.04 | M35: =+$I$91*L35 -> 1045198.5 | N35: =SUM(M33:M35) -> 3200920.6 | O35: =+ROUND(O34*(1+'Tabla de reajustes'!$D$8),2) -> 125.98 | P35: =+ROUND((N35)*(O35-$P$4)/$P$4,2) -> 222383.53 | Q35: =Q32+N35 -> 18317105 | R35: =+Q35-T33 -> 9231941 | U35: =+U32+P35 -> 900313.09 | V35: =+U35-X33 -> 900313.09 | Y35: =+(R35)*$Y$6/4 -> 478676.14 | AA35: 0.5
C36: =1+C33 -> 3 | D36: =1+D35 -> 25 | E36: 45839 | L36: 0.0375 | M36: =+$I$91*L36 -> 979873.64 | O36: =+ROUND(O35*(1+'Tabla de reajustes'!$D$8),2) -> 126.29 | S36: =IF(R35>H35-W36-Y35,H35-W36-Y35,R35) -> 823387.68 | T36: =+S36+T33 -> 9908551.3 | W36: =+V35*AA35 -> 450156.55 | X36: =+W36+X33 -> 450156.55 | Z36: =+S36+W36+Y35 -> 1752220.4
D37: =1+D36 -> 26 | E37: 45870 | L37: 0.035 | M37: =+$I$91*L37 -> 914548.73 | O37: =+ROUND(O36*(1+'Tabla de reajustes'!$D$8),2) -> 126.6
D38: =1+D37 -> 27 | E38: 45901 | G38: =+G35 -> 1926250 | H38: =+G38-I38-J38 -> 1752220.4 | I38: 170861.86 | J38: =+J35 -> 3167.78 | L38: 0.0325 | M38: =+$I$91*L38 -> 849223.82 | N38: =SUM(M36:M38) -> 2743646.2 | O38: =+ROUND(O37*(1+'Tabla de reajustes'!$D$8),2) -> 126.92 | P38: =+ROUND((N38)*(O38-$P$4)/$P$4,2) -> 212508.44 | Q38: =Q35+N38 -> 21060751 | R38: =+Q38-T36 -> 11152199 | U38: =+U35+P38 -> 1112821.5 | V38: =+U38-X36 -> 662664.98 | Y38: =+(R38)*$Y$6/4 -> 578241.54
C39: =1+C36 -> 4 | D39: =1+D38 -> 28 | E39: 45931 | L39: 0.03 | M39: =+$I$91*L39 -> 783898.91 | O39: =+ROUND(O38*(1+'Tabla de reajustes'!$D$8),2) -> 127.24 | S39: =IF(R38>H38-W39-Y38,H38-W39-Y38,R38) -> 842646.32 | T39: =+S39+T36 -> 10751198 | W39: =+V38*AA35 -> 331332.49 | X39: =+W39+X36 -> 781489.04 | Z39: =+S39+W39+Y38 -> 1752220.4
D40: =1+D39 -> 29 | E40: 45962 | L40: 0.03 | M40: =+$I$91*L40 -> 783898.91 | O40: =+ROUND(O39*(1+'Tabla de reajustes'!$D$8),2) -> 127.56
D41: =1+D40 -> 30 | E41: 45992 | G41: =+G38 -> 1926250 | H41: =+G41-I41-J41 -> 1752220.4 | I41: 170861.86 | J41: =+J38 -> 3167.78 | L41: 0.0295 | M41: =+$I$91*L41 -> 770833.93 | N41: =SUM(M39:M41) -> 2338631.8 | O41: =+ROUND(O40*(1+'Tabla de reajustes'!$D$8),2) -> 127.88 | P41: =+ROUND((N41)*(O41-$P$4)/$P$4,2) -> 200197.23 | Q41: =Q38+N41 -> 23399383 | R41: =+Q41-T39 -> 12648185 | U41: =+U38+P41 -> 1313018.8 | V41: =+U41-X39 -> 531529.72 | Y41: =+(R41)*$Y$6/4 -> 655808.39
A42: =1+A30 -> 4 | B42: =1+B30 -> 2026 | C42: 1 | D42: =1+D41 -> 31 | E42: 46023 | F42: =8180000*F6+2000000 -> 8135000 | L42: 0.027 | M42: =+$I$91*L42 -> 705509.02 | O42: =+ROUND(O41*(1+'Tabla de reajustes'!$D$8),2) -> 128.2 | S42: =IF(R41>H41-W42-Y41,H41-W42-Y41,R41) -> 830647.11 | T42: =+S42+T39 -> 11581845 | W42: =+V41*AA35 -> 265764.86 | X42: =+W42+X39 -> 1047253.9 | Z42: =+S42+W42+Y41 -> 1752220.4
D43: =1+D42 -> 32 | E43: 46054 | L43: 0.0225 | M43: =+$I$91*L43 -> 587924.18 | O43: =+ROUND(O42*(1+'Tabla de reajustes'!$D$8),2) -> 128.52
D44: =1+D43 -> 33 | E44: 46082 | G44: =+F42/4 -> 2033750 | H44: =+G44-I44-J44 -> 1856007.7 | I44: 174574.5 | J44: =+J41 -> 3167.78 | L44: 0.0175 | M44: =+$I$91*L44 -> 457274.36 | N44: =SUM(M42:M44) -> 1750707.6 | O44: =+ROUND(O43*(1+'Tabla de reajustes'!$D$8),2) -> 128.84 | P44: =+ROUND((N44)*(O44-$P$4)/$P$4,2) -> 164136.02 | Q44: =Q41+N44 -> 25150090 | R44: =+Q44-T42 -> 13568245 | U44: =+U41+P44 -> 1477154.8 | V44: =+U44-X42 -> 429900.88 | Y44: =+(R44)*$Y$6/4 -> 703513.52
C45: =1+C42 -> 2 | D45: =1+D44 -> 34 | E45: 46113 | L45: 0.015 | M45: =+$I$91*L45 -> 391949.46 | O45: =+ROUND(O44*(1+'Tabla de reajustes'!$D$8),2) -> 129.16 | S45: =IF(R44>H44-W45-Y44,H44-W45-Y44,R44) -> 937543.76 | T45: =+S45+T42 -> 12519388 | W45: =+V44*AA35 -> 214950.44 | X45: =+W45+X42 -> 1262204.3 | Z45: =+S45+W45+Y44 -> 1856007.7
D46: =1+D45 -> 35 | E46: 46143 | L46: 0.0125 | M46: =+$I$91*L46 -> 326624.55 | O46: =+ROUND(O45*(1+'Tabla de reajustes'!$D$8),2) -> 129.48
D47: =1+D46 -> 36 | E47: 46174 | G47: =+G44 -> 2033750 | H47: =+G47-I47-J47 -> 1855690.9 | I47: 174574.5 | J47: =+J38*1.1 -> 3484.558 | L47: 0.01 | M47: =+$I$91*L47 -> 261299.64 | N47: =SUM(M45:M47) -> 979873.64 | O47: =+ROUND(O46*(1+'Tabla de reajustes'!$D$8),2) -> 129.8 | P47: =+ROUND((N47)*(O47-$P$4)/$P$4,2) -> 99852.82 | Q47: =Q44+N47 -> 26129964 | R47: =+Q47-T45 -> 13610575 | U47: =+U44+P47 -> 1577007.6 | V47: =+U47-X45 -> 314803.26 | Y47: =+(R47)*$Y$6/4 -> 705708.33 | AA47: 0.75
C48: =1+C45 -> 3 | D48: =1+D47 -> 37 | E48: 46204 | M48: =+$I$92/24 -> 46843.097 | O48: =+ROUND(O47*(1+'Tabla de reajustes'!$D$8),2) -> 130.12 | S48: =IF(R47>H47-W48-Y47,H47-W48-Y47,R47) -> 913880.18 | T48: =+S48+T45 -> 13433269 | W48: =+V47*AA47 -> 236102.45 | X48: =+W48+X45 -> 1498306.8 | Z48: =+S48+W48+Y47 -> 1855690.9
D49: =1+D48 -> 38 | E49: 46235 | M49: =+$I$92/24 -> 46843.097 | O49: =+ROUND(O48*(1+'Tabla de reajustes'!$D$8),2) -> 130.44
D50: =1+D49 -> 39 | E50: 46266 | G50: =+G47 -> 2033750 | H50: =+G50-I50-J50 -> 1942649.6 | I50: 87615.83 | J50: =+J47 -> 3484.558 | M50: =+$I$92/24 -> 46843.097 | N50: =SUM(M48:M50) -> 140529.29 | O50: =+ROUND(O49*(1+'Tabla de reajustes'!$D$8),2) -> 130.77 | P50: =+ROUND((N50)*(O50-$P$4)/$P$4,2) -> 15477.66 | Q50: =Q47+N50 -> 26270493 | R50: =+Q50-T48 -> 12837224 | U50: =+U47+P50 -> 1592485.3 | V50: =+U50-X48 -> 94178.475 | Y50: =+(R50)*$Y$6/4 -> 665610.08
C51: =1+C48 -> 4 | D51: =1+D50 -> 40 | E51: 46296 | M51: =+$I$92/24 -> 46843.097 | O51: =+ROUND(O50*(1+'Tabla de reajustes'!$D$8),2) -> 131.1 | S51: =IF(R50>H50-W51-Y50,H50-W51-Y50,R50) -> 1206405.7 | T51: =+S51+T48 -> 14639674 | W51: =+V50*AA47 -> 70633.856 | X51: =+W51+X48 -> 1568940.6 | Z51: =+S51+W51+Y50 -> 1942649.6
D52: =1+D51 -> 41 | E52: 46327 | M52: =+$I$92/24 -> 46843.097 | O52: =+ROUND(O51*(1+'Tabla de reajustes'!$D$8),2) -> 131.43
D53: =1+D52 -> 42 | E53: 46357 | G53: =+G50 -> 2033750 | H53: =+G53-I53-J53 -> 1942649.6 | I53: 87615.83 | J53: =+J50 -> 3484.558 | M53: =+$I$92/24 -> 46843.097 | N53: =SUM(M51:M53) -> 140529.29 | O53: =+ROUND(O52*(1+'Tabla de reajustes'!$D$8),2) -> 131.76 | P53: =+ROUND((N53)*(O53-$P$4)/$P$4,2) -> 16658.72 | Q53: =Q50+N53 -> 26411022 | R53: =+Q53-T51 -> 11771348 | U53: =+U50+P53 -> 1609144 | V53: =+U53-X51 -> 40203.339 | Y53: =+(R53)*$Y$6/4 -> 610344.39
A54: =1+A42 -> 5 | B54: =1+B42 -> 2027 | C54: 1 | D54: =1+D53 -> 43 | E54: 46388 | F54: =8400000*F6+1900000 -> 8200000 | M54: =+$I$92/24 -> 46843.097 | O54: =+ROUND(O53*(1+'Tabla de reajustes'!$D$8),2) -> 132.09 | S54: =IF(R53>H53-W54-Y53,H53-W54-Y53,R53) -> 1302152.7 | T54: =+S54+T51 -> 15941827 | W54: =+V53*AA47 -> 30152.504 | X54: =+W54+X51 -> 1599093.1 | Z54: =+S54+W54+Y53 -> 1942649.6
D55: =1+D54 -> 44 | E55: 46419 | M55: =+$I$92/24 -> 46843.097 | O55: =+ROUND(O54*(1+'Tabla de reajustes'!$D$8),2) -> 132.42
D56: =1+D55 -> 45 | E56: 46447 | G56: =+F54/4 -> 2050000 | H56: =+G56-I56-J56 -> 1958899.6 | I56: 87615.83 | J56: =+J53 -> 3484.558 | M56: =+$I$92/24 -> 46843.097 | N56: =SUM(M54:M56) -> 140529.29 | O56: =+ROUND(O55*(1+'Tabla de reajustes'!$D$8),2) -> 132.75 | P56: =+ROUND((N56)*(O56-$P$4)/$P$4,2) -> 17839.78 | Q56: =Q53+N56 -> 26551552 | R56: =+Q56-T54 -> 10609725 | U56: =+U53+P56 -> 1626983.8 | V56: =+U56-X54 -> 27890.615 | Y56: =+(R56)*$Y$6/4 -> 550114.22
C57: =1+C54 -> 2 | D57: =1+D56 -> 46 | E57: 46478 | M57: =+$I$92/24 -> 46843.097 | O57: =+ROUND(O56*(1+'Tabla de reajustes'!$D$8),2) -> 133.08 | S57: =IF(R56>H56-W57-Y56,H56-W57-Y56,R56) -> 1387867.4 | T57: =+S57+T54 -> 17329694 | W57: =+V56*AA47 -> 20917.961 | X57: =+W57+X54 -> 1620011.1 | Z57: =+S57+W57+Y56 -> 1958899.6
D58: =1+D57 -> 47 | E58: 46508 | M58: =+$I$92/24 -> 46843.097 | O58: =+ROUND(O57*(1+'Tabla de reajustes'!$D$8),2) -> 133.41
D59: =1+D58 -> 48 | E59: 46539 | G59: =+G56 -> 2050000 | H59: =+G59-I59-J59 -> 1963265.7 | I59: 82901.25 | J59: =+J50*1.1 -> 3833.0138 | M59: =+$I$92/24 -> 46843.097 | N59: =SUM(M57:M59) -> 140529.29 | O59: =+ROUND(O58*(1+'Tabla de reajustes'!$D$8),2) -> 133.74 | P59: =+ROUND((N59)*(O59-$P$4)/$P$4,2) -> 19020.84 | Q59: =Q56+N59 -> 26692081 | R59: =+Q59-T57 -> 9362386.4 | U59: =+U56+P59 -> 1646004.6 | V59: =+U59-X57 -> 25993.494 | Y59: =+(R59)*$Y$6/4 -> 485439.74
C60: =1+C57 -> 3 | D60: =1+D59 -> 49 | E60: 46569 | M60: =+$I$92/24 -> 46843.097 | O60: =+ROUND(O59*(1+'Tabla de reajustes'!$D$8),2) -> 134.07 | S60: =IF(R59>H59-W60-Y59,H59-W60-Y59,R59) -> 1451832.5 | T60: =+S60+T57 -> 18781527 | W60: =+V59 -> 25993.494 | X60: =+W60+X57 -> 1646004.6 | Z60: =+S60+W60+Y59 -> 1963265.7
D61: =1+D60 -> 50 | E61: 46600 | M61: =+$I$92/24 -> 46843.097 | O61: =+ROUND(O60*(1+'Tabla de reajustes'!$D$8),2) -> 134.4
D62: =1+D61 -> 51 | E62: 46631 | G62: =+G59 -> 2050000 | H62: =+G62-I62-J62 -> 1963265.7 | I62: 82901.25 | J62: =+J59 -> 3833.0138 | M62: =+$I$92/24 -> 46843.097 | N62: =SUM(M60:M62) -> 140529.29 | O62: =+ROUND(O61*(1+'Tabla de reajustes'!$D$8),2) -> 134.73 | P62: =+ROUND((N62)*(O62-$P$4)/$P$4,2) -> 20201.89 | Q62: =Q59+N62 -> 26832610 | R62: =+Q62-T60 -> 8051083.2 | U62: =+U59+P62 -> 1666206.5 | V62: =+U62-X60 -> 20201.89 | Y62: =+(R62)*$Y$6/4 -> 417448.66
C63: =1+C60 -> 4 | D63: =1+D62 -> 52 | E63: 46661 | M63: =+$I$92/24 -> 46843.097 | O63: =+ROUND(O62*(1+'Tabla de reajustes'!$D$8),2) -> 135.07 | S63: =IF(R62>H62-W63-Y62,H62-W63-Y62,R62) -> 1525615.2 | T63: =+S63+T60 -> 20307142 | W63: =+V62 -> 20201.89 | X63: =+W63+X60 -> 1666206.5 | Z63: =+S63+W63+Y62 -> 1963265.7
D64: =1+D63 -> 53 | E64: 46692 | M64: =+$I$92/24 -> 46843.097 | O64: =+ROUND(O63*(1+'Tabla de reajustes'!$D$8),2) -> 135.41
D65: =1+D64 -> 54 | E65: 46722 | G65: =+G62 -> 2050000 | H65: =+G65-I65-J65 -> 1963265.7 | I65: 82901.25 | J65: =+J62 -> 3833.0138 | M65: =+$I$92/24 -> 46843.097 | N65: =SUM(M63:M65) -> 140529.29 | O65: =+ROUND(O64*(1+'Tabla de reajustes'!$D$8),2) -> 135.75 | P65: =+ROUND((N65)*(O65-$P$4)/$P$4,2) -> 21418.74 | Q65: =Q62+N65 -> 26973139 | R65: =+Q65-T63 -> 6665997.3 | U65: =+U62+P65 -> 1687625.2 | V65: =+U65-X63 -> 21418.74 | Y65: =+(R65)*$Y$6/4 -> 345631.96
A66: =1+A54 -> 6 | B66: =1+B54 -> 2028 | C66: 1 | D66: =1+D65 -> 55 | E66: 46753 | F66: 6925747 | M66: =+$I$92/24 -> 46843.097 | O66: =+ROUND(O65*(1+'Tabla de reajustes'!$D$8),2) -> 136.09 | S66: =IF(R65>H65-W66-Y65,H65-W66-Y65,R65) -> 1596215 | T66: =+S66+T63 -> 21903357 | W66: =+V65 -> 21418.74 | X66: =+W66+X63 -> 1687625.2 | Z66: =+S66+W66+Y65 -> 1963265.7
D67: =1+D66 -> 56 | E67: 46784 | M67: =+$I$92/24 -> 46843.097 | O67: =+ROUND(O66*(1+'Tabla de reajustes'!$D$8),2) -> 136.43
D68: =1+D67 -> 57 | E68: 46813 | G68: =+F66/4 -> 1731436.7 | H68: =+G68-I68-J68 -> 1644702.5 | I68: 82901.25 | J68: =+J65 -> 3833.0138 | M68: =+$I$92/24 -> 46843.097 | N68: =SUM(M66:M68) -> 140529.29 | O68: =+ROUND(O67*(1+'Tabla de reajustes'!$D$8),2) -> 136.77 | P68: =+ROUND((N68)*(O68-$P$4)/$P$4,2) -> 22635.59 | Q68: =Q65+N68 -> 27113669 | R68: =+Q68-T66 -> 5210311.6 | U68: =+U65+P68 -> 1710260.8 | V68: =+U68-X66 -> 22635.59 | Y68: =+(R68)*$Y$6/4 -> 270154.65
C69: =1+C66 -> 2 | D69: =1+D68 -> 58 | E69: 46844 | M69: =+$I$92/24 -> 46843.097 | O69: =+ROUND(O68*(1+'Tabla de reajustes'!$D$8),2) -> 137.11 | S69: =IF(R68>H68-W69-Y68,H68-W69-Y68,R68) -> 1351912.2 | T69: =+S69+T66 -> 23255269 | W69: =+V68 -> 22635.59 | X69: =+W69+X66 -> 1710260.8 | Z69: =+S69+W69+Y68 -> 1644702.5
D70: =1+D69 -> 59 | E70: 46874 | M70: =+$I$92/24 -> 46843.097 | O70: =+ROUND(O69*(1+'Tabla de reajustes'!$D$8),2) -> 137.45
D71: =1+D70 -> 60 | E71: 46905 | G71: =+G68 -> 1731436.7 | H71: =+G71-I71-J71 -> 1643955.2 | I71: 83265.255 | J71: =+J62*1.1 -> 4216.3152 | M71: =+$I$92/24 -> 46843.097 | N71: =SUM(M69:M71) -> 140529.29 | O71: =+ROUND(O70*(1+'Tabla de reajustes'!$D$8),2) -> 137.79 | P71: =+ROUND((N71)*(O71-$P$4)/$P$4,2) -> 23852.43 | Q71: =Q68+N71 -> 27254198 | R71: =+Q71-T69 -> 3998928.6 | U71: =+U68+P71 -> 1734113.2 | V71: =+U71-X69 -> 23852.43 | Y71: =+(R71)*$Y$6/4 -> 207344.45
C72: =1+C69 -> 3 | D72: =1+D71 -> 61 | E72: 46935 | O72: =+ROUND(O71*(1+'Tabla de reajustes'!$D$8),2) -> 138.13 | S72: =IF(R71>H71-W72-Y71,H71-W72-Y71,R71) -> 1412758.3 | T72: =+S72+T69 -> 24668028 | W72: =+V71 -> 23852.43 | X72: =+W72+X69 -> 1734113.2 | Z72: =+S72+W72+Y71 -> 1643955.2
D73: =1+D72 -> 62 | E73: 46966 | O73: =+ROUND(O72*(1+'Tabla de reajustes'!$D$8),2) -> 138.47
D74: =1+D73 -> 63 | E74: 46997 | G74: =+G71 -> 1731436.7 | H74: =+G74-I74-J74 -> 1727220.4 | I74: 0 | J74: =+J71 -> 4216.3152 | N74: =SUM(M72:M74) -> 0 | O74: =+ROUND(O73*(1+'Tabla de reajustes'!$D$8),2) -> 138.82 | P74: =+ROUND((N74)*(O74-$P$4)/$P$4,2) -> 0 | Q74: =Q71+N74 -> 27254198 | R74: =+Q74-T72 -> 2586170.3 | U74: =+U71+P74 -> 1734113.2 | V74: =+U74-X72 -> 0 | Y74: =+(R74)*$Y$6/4 -> 134092.93
C75: =1+C72 -> 4 | D75: =1+D74 -> 64 | E75: 47027 | O75: =+ROUND(O74*(1+'Tabla de reajustes'!$D$8),2) -> 139.17 | S75: =IF(R74>H74-W75-Y74,H74-W75-Y74,R74) -> 1593127.5 | T75: =+S75+T72 -> 26261155 | W75: =+V74 -> 0 | X75: =+W75+X72 -> 1734113.2 | Z75: =+S75+W75+Y74 -> 1727220.4
D76: =1+D75 -> 65 | E76: 47058 | O76: =+ROUND(O75*(1+'Tabla de reajustes'!$D$8),2) -> 139.52
D77: =1+D76 -> 66 | E77: 47088 | G77: =+G74 -> 1731436.7 | H77: =+G77-I77-J77 -> 1727220.4 | I77: 0 | J77: =+J74 -> 4216.3152 | N77: =SUM(M75:M77) -> 0 | O77: =+ROUND(O76*(1+'Tabla de reajustes'!$D$8),2) -> 139.87 | P77: =+ROUND((N77)*(O77-$P$4)/$P$4,2) -> 0 | Q77: =Q74+N77 -> 27254198 | R77: =+Q77-T75 -> 993042.82 | U77: =+U74+P77 -> 1734113.2 | V77: =+U77-X75 -> 0 | Y77: =+(R77)*$Y$6/4 -> 51489.27
A78: =1+A66 -> 7 | B78: =1+B66 -> 2029 | C78: 1 | D78: =1+D77 -> 67 | E78: 47119 | S78: =IF(R77>H77-W78-Y77,H77-W78-Y77,R77) -> 993042.82 | T78: =+S78+T75 -> 27254198 | W78: =+V77 -> 0 | X78: =+W78+X75 -> 1734113.2 | Z78: =+S78+W78+Y77 -> 1044532.1
D79: =1+D78 -> 68 | E79: 47150
D80: =1+D79 -> 69 | E80: 47178 | Q80: =Q77+N80 -> 27254198 | R80: =+Q80-T78 -> 0
Y81: =+Y80+R80 -> 0 | Z81: =+S81+W81+Y80 -> 0
F89: =SUM(F8:F88) -> 40440747 | G89: =SUM(G8:G88) -> 40440668 | H89: =SUM(H8:H88) -> 37680454 | I89: =SUM(I8:I88) -> 2686249.8 | J89: =SUM(J8:J88) -> 73963.553 | L89: =SUM(L8:L88) -> 1 | M89: =SUM(M8:M88) -> 27254198 | N89: =SUM(N8:N88) -> 27254198 | P89: =SUM(P8:P88) -> 1734113.2 | S89: =SUM(S8:S88) -> 27254198 | W89: =SUM(W8:W88) -> 1734113.2 | Y89: =SUM(Y8:Y88) -> 8009454.8 | Z89: =SUM(Z8:Z88) -> 36997766
F91: PRESUPUESTO OFICIAL | G91: OBRA | H91: ETAPA I | I91: 26129964 | J91: INTERVENTORIA | K91: 1829097.5 | L91: =+I91+K91 -> 27959061
H92: ETAPA II | I92: 1124234.3 | K92: 634287.43 | L92: =+I92+K92 -> 1758521.8
F93: TOTAL | I93: =SUM(I91:I92) -> 27254198 | K93: =SUM(K91:K92) -> 2463384.9 | L93: =+I93+K93 -> 29717583
F94: APROBADO EN ACUERDO | I94: =+'[1]Ppto Obra ET1'!I82/1000 -> 27959061 | K94: =+I93+K93 -> 29717583
G95: REAJUSTES | I95: =+P89 -> 1734113.2 | L95: =+I95+K95 -> 1734113.2
G96: COSTO FINANCIERO | I96: =+Y89 -> 8009454.8
F97: TOTAL | I97: =+I93+I95+I96 -> 36997766 | K97: =+K93+K95+K96 -> 2463384.9 | L97: =+I97+K97 -> 39461151
I98: TOTAL VIGENCIAS APROBADAS | L98: =+M109 -> 40440747
I99: EXCEDENTE (-) MAYOR VALOR (+) VIGENCIAS | L99: =+L97-L98 -> -979596.04
K100: =IF(L99<0,"CUMPLE VIGENCIAS","NO CUMPLE VIGENCIAS") -> CUMPLE VIGENCIAS
F103: AÑO | G103: 2023 | H103: =1+G103 -> 2024 | I103: =1+H103 -> 2025 | J103: =1+I103 -> 2026 | K103: =1+J103 -> 2027 | L103: =1+K103 -> 2028 | M103: TOTAL
F104: OBRA | G104: =+SUM(H11:H17) -> 1044033.4 | H104: =+SUM(H18:H29) -> 7438458.4 | I104: =+SUM(H30:H41) -> 7009169.4 | J104: =+SUM(H42:H53) -> 7596997.9 | K104: =+SUM(H54:H65) -> 7848696.8 | L104: =+SUM(H66:H77) -> 6743098.5 | M104: =SUM(G104:L104) -> 37680454
F105: INTERVENTORIA | G105: =+SUM(I11:I17) -> 304849.58 | H105: =+SUM(I18:I29) -> 671086.08 | I105: =+SUM(I30:I41) -> 683447.44 | J105: =+SUM(I42:I53) -> 524380.65 | K105: =+SUM(I54:I65) -> 336319.58 | L105: =+SUM(I66:I77) -> 166166.51 | M105: =SUM(G105:L105) -> 2686249.8
F106: FIDUCIA | G106: =+SUM(J9:J17) -> 5236 | H106: =+SUM(J18:J29) -> 11257.4 | I106: =+SUM(J30:J41) -> 12383.14 | J106: =+SUM(J42:J53) -> 13621.454 | K106: =+SUM(J54:J65) -> 14983.599 | L106: =+SUM(J66:J77) -> 16481.959 | M106: =SUM(G106:L106) -> 73963.553
F107: TOTAL | G107: =SUM(G104:G106) -> 1354118.9 | H107: =SUM(H104:H106) -> 8120801.9 | I107: =SUM(I104:I106) -> 7705000 | J107: =SUM(J104:J106) -> 8135000 | K107: =SUM(K104:K106) -> 8200000 | L107: =SUM(L104:L106) -> 6925747 | M107: =SUM(M104:M106) -> 40440668
F109: TOTAL | G109: 1800000 | H109: 7675000 | I109: 7705000 | J109: 8135000 | K109: 8200000 | L109: 6925747 | M109: =SUM(G109:L109) -> 40440747
F110: SALDO | G110: =+G107-G109 -> -445881.07 | H110: =+H107-H109 -> 445801.87 | I110: =+I107-I109 -> 0 | J110: =+J107-J109 -> 0 | K110: =+K107-K109 -> 0 | L110: =+L107-L109 -> 0 | M110: =+M107-M109 -> -79.199611
F124: VALOR TOTAL DE OBRAS | I124: =+I91 -> 26129964
...

Sheet Tabla de reajustes
D1: 2021 | P1: 2022 | AB1: proyectado
D2: Enero | E2: Febrero | F2: Marzo | G2: Abril | H2: Mayo | I2: Junio | J2: Julio | K2: Agosto | L2: Septiembre | M2: Octubre | N2: Noviembre | O2: Diciembre | P2: Enero | Q2: Febrero | R2: Marzo | S2: Abril | T2: Mayo | U2: Junio | V2: Julio | W2: Agosto | X2: Septiembre | Y2: Octubre | Z2: Noviembre | AA2: Diciembre | AB2: Enero | AC2: Febrero | AD2: marzo | AE2: abril | AF2: mayo | AG2: junio
A3: 530202 | B3: Puertos, canales, presas, sistemas de riego y otras obras hidráulicas (acueductos) | C3: 5.781 | D3: 101.256 | E3: 101.976 | F3: 102.364 | G3: 102.981 | H3: 103.391 | I3: 103.692 | J3: 104.517 | K3: 104.688 | L3: 104.909 | M3: 105.26 | N3: 105.883 | O3: 106.258 | P3: =+Z7 -> 108.01 | Q3: =+Z8 -> 108.99 | R3: =+Z9 -> 111.37 | S3: =+Z10 -> 112.29 | T3: =+Z11 -> 114.7 | U3: =+Z12 -> 115.19 | V3: =+Z13 -> 115.74 | W3: =+Z14 -> 116.21 | X3: =+Z15 -> 116.06 | Y3: =+Z16 -> 116.77 | Z3: =+Z17 -> 117.05 | AA3: =+Z18 -> 116.92 | AB3: =+AA3*(1+$D$8) -> 117.21132 | AC3: =+AB3*(1+$D$8) -> 117.50336 | AD3: =+AC3*(1+$D$8) -> 117.79613 | AE3: =+AD3*(1+$D$8) -> 118.08963 | AF3: =+AE3*(1+$D$8) -> 118.38386 | AG3: =+AF3*(1+$D$8) -> 118.67882
E4: =+(E3-D3)/D3 -> 0.0071106897 | F4: =+(F3-E3)/E3 -> 0.0038048168 | G4: =+(G3-F3)/F3 -> 0.0060275097 | H4: =+(H3-G3)/G3 -> 0.0039813169 | I4: =+(I3-H3)/H3 -> 0.0029112785 | J4: =+(J3-I3)/I3 -> 0.0079562551 | K4: =+(K3-J3)/J3 -> 0.0016360975 | L4: =+(L3-K3)/K3 -> 0.0021110347 | ... AG4: =+(AG3-AF3)/AF3 -> 0.0024915907
G5: promedio mensual | H5: acumulado
AB6: se toma para Io, marzo proyectado 2023 | AF6: =+AD3 -> 117.79613
E7: año 2022 | G7: =+AVERAGE(P4:AA4) -> 0.0080285722 | H7: =+SUM(P4:AA4) -> 0.096342866 | Y7: 44562 | Z7: 108.01 | AB7: se toma para If, del primer mes Junio proyectado 2023 | AF7: =+AG3 -> 118.67882
B8: =+G9 -> 0.002468255 | C8: T de crecimiento | D8: =+G8 -> 0.0024915907 | E8: segundo semestre 2022 | G8: =+AVERAGE(V4:AA4) -> 0.0024915907 | H8: =+SUM(V4:AA4) -> 0.014949544 | Y8: 44593 | Z8: 108.99
E9: cuarto trimestre 2022 | G9: =+AVERAGE(Y4:AA4) -> 0.002468255 | H9: =+SUM(Y4:AA4) -> 0.0074047651 | Y9: 44621 | Z9: 111.37
Y10: 44652 | Z10: 112.29
Y11: 44682 | Z11: 114.7
Y12: 44713 | Z12: 115.19
Y13: 44743 | Z13: 115.74
Y14: 44774 | Z14: 116.21
Y15: 44805 | Z15: 116.06
Y16: 44835 | Z16: 116.77
Y17: 44866 | Z17: 117.05
Y18: 44896 | Z18: 116.92
